[Event "*** Titled Tuesday 3|2 Blitz"]
[Site "Chess.com"]
[Date "2016.09.06"]
[Round "7"]
[White "MaestroASK"]
[Black "IamSchrodingersCat"]
[Result "1-0"]
[WhiteElo "2469"]
[BlackElo "2269"]
[TimeControl "180+2"]
[EndTime "18:22:07 PDT"]
[Termination "MaestroASK won by resignation"]

1. g3 Nf6 2. Bg2 d5 3. d3 e5 4. e4 dxe4 5. dxe4 Qxd1+ 6. Kxd1 Nc6 7. f3 Be6 8. Bh3 O-O-O+ 9. Nd2 Bxh3 10. Nxh3 h6 11.
c3 Bc5 12. Ke2 a6 13. b4 Be7 14. a4 b5 15. Nf2 Kb7 16. Nb3 Ra8 17. Be3 Rhd8 18. Nd3 Bd6 19. axb5 axb5 20. Ndc5+ Bxc5 21. Nxc5+ Kb8 22. Rxa8+ Kxa8 23. Ra1+ Kb8 24. Ra6 Ne7 25. Nb3 Rd6 26. Ra5 c6 27. Nc5 Rd8 28. Ra6 Nd7 29. Nd3 f6 30. f4 Rc8 31. fxe5 Nxe5 32. Nxe5 fxe5 33. Bc5 Ng6 34. Kf3 h5 35. Ke2 h4 36.
Kf3 hxg3 37. hxg3 1-0

[Event "*** Titled Tuesday 3|2 Blitz"]
[Site "Chess.com"]
[Date "2016.09.06"]
[Round "7"]
[White "MbMaster"]
[Black "Iball95"]
[Result "1/2-1/2"]
[WhiteElo "2336"]
[BlackElo "2475"]
[TimeControl "180+2"]
[EndTime "18:22:49 PDT"]
[Termination "Game drawn by stalemate"]

1. Nf3 Nf6 2. c4 c5 3. Nc3 Nc6 4. g3 d5 5. d4 e6 6. cxd5 Nxd5 7. Bg2 cxd4 8. Nxd4 Ndb4 9. Nxc6 Qxd1+ 10. Kxd1 Nxc6 11.
Bxc6+ bxc6 12. Be3 e5 13. f3 Bb4 14. Ne4 Ba6 15.
Bc5 O-O-O+ 16. Kc2 Bxc5 17. Nxc5 Bxe2 18. Rhe1 Bxf3 19.
Rxe5 Rhe8 20. Rae1 Rxe5 21. Rxe5 Rd5 22. Rxd5 Bxd5 23.
b3 Kc7 24. Kc3 Kd6 25. Kd4 f5 26. a4 g5 27. b4 f4 28. gxf4 gxf4 29. Nd3 f3 30.
Ke3 h6 31. h4 Ke6 32. Kf4 Bc4 33. Nf2 Be2 34. Ke4 a6 35. a5 Kf6 36. Kf4 Kg6 37.
Kg4 Kf6 38. Kf4 Ke6 39. Ke4 Kd6 40. Kd4 Bf1 41. Ke4 Bg2 42. Kd4 Bf1 43. Ke4 c5 44.
bxc5+ Kxc5 45. Kxf3 Bc4 46. Ng4 h5 47. Nf6 Bf7 48.
Ke3 Kb4 49. Kd2 Kxa5 50. Kc1 Kb4 51. Kb2 a5 52. Nxh5 Bxh5 53. Ka1 Ka3 54. Kb1 Kb3 55. Ka1 Ka3 56. Kb1 Bg6+ 57. Ka1 Bf5 58. h5 Bh7 59. h6 Kb3 1/2-1/2

[Event "*** Titled Tuesday 3|2 Blitz"]
[Site "Chess.com"]
[Date "2016.09.06"]
[Round "7"]
[White "dretch"]
[Black "Yaacovn"]
[Result "1-0"]
[WhiteElo "2656"]
[BlackElo "2626"]
[TimeControl "180+2"]
[EndTime "18:22:53 PDT"]
[Termination "dretch won by resignation"]

1. d4 Nf6 2. c4 e6 3. Nc3 Bb4 4. Qc2 Nc6 5. Nf3 d6 6. Bd2 O-O 7. a3 Bxc3 8. Bxc3 Re8 9. e3 e5 10. dxe5 dxe5 11. h3 a5 12. Be2 Qe7 13. O-O a4 14.
Rfd1 Nd7 15. Rd5 f6 16. Rad1 Nb6 17. Rb5 Be6 18. c5 Bb3 19. Rxb3 axb3 20. Qxb3+ Qf7 21. Qxf7+ Kxf7 22. cxb6 cxb6 23. Bc4+ Ke7 24. Rd5 Rec8 25. Rb5 Na7 26. Rb4 b5 27. Bxb5 Nxb5 28. Rxb5 Rc7 29.
Nd2 Rd8 30. Ne4 Rd1+ 31. Kh2 Rb1 32. g4 Kd7 33. Kg2 h6 34. a4 Ra1 35. a5 Rb1 36. Rb6 Ra1 37. Ng3 Kc8 38. Nf5 Rd7 39. Re6 Kd8 40. Rb6 Kc7 41. Bb4 Ra4 42. Bd6+ Kc8 43. b4 Ra2 44. Kf3 g6 45. Ng3 Rf7 46. h4 f5 47. gxf5 gxf5 48. Bxe5 Rc2 49. Rxh6 Rd7 1-0

[Event "*** Titled Tuesday 3|2 Blitz"]
[Site "Chess.com"]
[Date "2016.09.06"]
[Round "7"]
[White "fidetrainerNET"]
[Black "spirals5"]
[Result "0-1"]
[WhiteElo "2170"]
[BlackElo "2260"]
[TimeControl "180+2"]
[EndTime "18:23:05 PDT"]
[Termination "spirals5 won by resignation"]

1. e4 c5 2. Nf3 d6 3. d4 cxd4 4. Nxd4 Nf6 5. Nc3 a6 6. Bg5 Nbd7 7. f4 b5 8. Bd3 Bb7 9. Qe2 h6 10. Bh4 e6 11. e5 dxe5 12. fxe5 g5 13. Nxe6 fxe6 14.
exf6 Qxf6 15. Rf1 Qe5 16. Bg6+ Kd8 17. Qxe5 Nxe5 18. O-O-O+ Kc8 19. Bf7 gxh4 20. Bxe6+ Kb8 21. Nd5 Ka7 22. a4 bxa4 23. Nf6 Bc5 24. Rf5 Be3+ 25.
Kb1 Nc6 26. Rd7 Rad8 27. Rfd5 Rxd7 28. Rxd7 Rd8 29. Rh7 Rd1+ 30. Ka2 Nb4+ 31. Ka3 Nxc2+ 32. Kxa4 Ra1+ 33. Kb3 Nd4+ 34. Kc4 Nxe6 35. Nd5 Rc1+ 36. Kb3 Nd4+ 37. Kb4 Bd2+ 38. Nc3 Bxc3+ 39. bxc3 Nc6+ 40. Kc4 Kb6 41. Rxh6 Rc2 42. Rxh4 Rxg2 43. Rh6 a5 44. h4 a4 45. Rf6 Rg4+ 0-1

[Event "*** Titled Tuesday 3|2 Blitz"]
[Site "Chess.com"]
[Date "2016.09.06"]
[Round "7"]
[White "TrickyTrapChess"]
[Black "MattyDPerrine"]
[Result "0-1"]
[WhiteElo "2114"]
[BlackElo "2226"]
[TimeControl "180+2"]
[EndTime "18:23:17 PDT"]
[Termination "MattyDPerrine won by checkmate"]

1. d4 Nf6 2. Nc3 d5 3. Bg5 Bf5 4. f3 Nbd7 5. Qd2 h6 6. Bh4 g5 7.
Bf2 e6 8. g4 Bg6 9. h4 Bg7 10.
hxg5 hxg5 11. Rxh8+ Bxh8 12. Qxg5 Bxc2 13. Qh6 Nh7 14.
e4 Ndf8 15. Rc1 dxe4 16. Rxc2 Bxd4 17. Bxd4 Qxd4 18. Nge2 Qb4 19. fxe4 O-O-O 20. Qf4 Rd7 21. Kf2 Ng6 22. Qh6 Qc5+ 23. Qe3 Qa5 24. Nd4 a6 25. Nb3 Qe5 26. Qa7 c6 27. Qc5 Qf4+ 28. Kg1 Ng5 29. Bg2 Qxg4 30. Qf2 Nh3+ 31. Kf1 Nxf2 32.
Rxf2 Rd1+ 33. Nxd1 Qxd1# 0-1

[Event "*** Titled Tuesday 3|2 Blitz"]
[Site "Chess.com"]
[Date "2016.09.06"]
[Round "7"]
[White "tigra"]
[Black "Lapitch"]
[Result "0-1"]
[WhiteElo "2444"]
[BlackElo "2581"]
[TimeControl "180+2"]
[EndTime "18:23:21 PDT"]
[Termination "Lapitch won by resignation"]

1. e4 e5 2. f4 d5 3. exd5 exf4 4. Bb5+ c6 5. dxc6 Nxc6 6. Qf3 Nf6 7. Ne2 g5 8. b3 Bg7 9. Ba3 Qd5 10. Nbc3 Qxf3 11. gxf3 Bh3 12. Rg1 Bh6 13. Nd4 O-O-O 14. Nxc6 bxc6 15. Bxc6 Kc7 16. Ba4 g4 17. fxg4 f3 18.
O-O-O f2 19. g5 fxg1=Q 20. Rxg1 Rhg8 21. Rg3 Rxg5 22. Rxh3 Rg1+ 23. Kb2 Bxd2 24. Nb5+ Kb6 25. b4 a6 26. Nc3 Ng4 27. Rxh7 Ne3 28. Kb3 Rc8 29.
Rh6+ Ka7 30. Ne4 Rb1+ 31. Bb2 Bc1 32. Nc5 Rxb2+ 33. Kc3 Nd1+ 34. Kd3 Bxh6 0-1

[Event "*** Titled Tuesday 3|2 Blitz"]
[Site "Chess.com"]
[Date "2016.09.06"]
[Round "7"]
[White "Kawhi_Leonard2"]
[Black "Ksenia_Legenko"]
[Result "1-0"]
[WhiteElo "2058"]
[BlackElo "2037"]
[TimeControl "180+2"]
[EndTime "18:23:48 PDT"]
[Termination "Kawhi_Leonard2 won by resignation"]

1. e4 c6 2. d4 d5 3. Nd2 dxe4 4. Nxe4 Bf5 5. Ng3 Bg6 6. h4 h6 7. Nf3 Nd7 8. h5 Bh7 9. Bd3 Bxd3 10. Qxd3 e6 11.
Bd2 Qc7 12. O-O-O Ngf6 13. Kb1 O-O-O 14. Ne4 Nxe4 15. Qxe4 Nf6 16. Qe2 Bd6 17. g3 Rd7 18. c4 c5 19. Bc3 cxd4 20. Nxd4 a6 21. Nb3 Qc6 22. Rh4 Rhd8 23. Rhd4 Bc7 24. Rxd7 Rxd7 25.
Rxd7 Qxd7 26. g4 Qc6 27. f3 Qd6 28. Kc2 Qf4 29. Nd2 e5 30. b4 Nd7 31. Qe4 Qxe4+ 32. Nxe4 f6 33. Ng3 Nf8 34. Kd3 Kd7 35. a4 Ne6 36. Nf5 Ke8 37. Bd2 Kf7 38. Ke4 Nd8 39. Kd5 Ne6 40. b5 axb5 41. cxb5 Nd8 42. a5 Bb8 43. Be3 Bc7 44. a6 bxa6 45. bxa6 Ne6 46. a7 Ba5 47. Nd6+ Ke7 48. Nb5 1-0

[Event "*** Titled Tuesday 3|2 Blitz"]
[Site "Chess.com"]
[Date "2016.09.06"]
[Round "7"]
[White "beastfromweast"]
[Black "fpawn"]
[Result "1-0"]
[WhiteElo "2283"]
[BlackElo "2160"]
[TimeControl "180+2"]
[EndTime "18:24:28 PDT"]
[Termination "beastfromweast won by resignation"]

1. d4 f5 2. e4 fxe4 3. Nc3 Nf6 4.
Bg5 Nc6 5. d5 Ne5 6. Qd4 Nf7 7.
Bxf6 exf6 8. Nxe4 f5 9. Nc3 g6 10. Bc4 d6 11. Bb5+ Bd7 12. Bxd7+ Qxd7 13. Kf1 Be7 14.
Qg7 Rf8 15. Qxh7 O-O-O 16. Qxg6 Ng5 17. h4 Rg8 18. Qh5 Rh8 19. Qe2 Rde8 20. Qb5 a6 21. Qxd7+ Kxd7 22. Nge2 Bf6 23. Kg1 Ne4 24. g3 Nxc3 25.
Nxc3 Bxc3 26. bxc3 Re2 27. Rc1 Rd2 28. c4 Rd4 29.
Kg2 Rxc4 30. Rhd1 f4 31. c3 Rf8 32. Rd3 Ra4 33. Rc2 b5 34. Rf3 Rc4 35. Rxf4 Rcxf4 36. gxf4 Rxf4 37. Kg3 Rc4 38. h5 Ke7 39. f4 Kf7 40. Kg4 Rc5 41. Kg5 Rxd5+ 42. f5 Rd1 43. Rg2 Rh1 44.
h6 a5 45. f6 d5 46. Rg4 c5 47.
Rg3 a4 48. Rg4 a3 49. Rh4 Rg1+ 50. Kf5 Rf1+ 51. Ke5 Kg8 52. Kxd5 Rxf6 53. Kxc5 Rf5+ 54. Kb4 Kh7 55. Kxa3 Rf2 56. Kb3 Rg2 57. Rh3 Rg4 58.
Rh5 Rg2 59. Rxb5 Kxh6 60. a4 Kg7 61. Rf5 Kg6 62. Rf1 1-0

[Event "*** Titled Tuesday 3|2 Blitz"]
[Site "Chess.com"]
[Date "2016.09.06"]
[Round "7"]
[White "Rsnr"]
[Black "andretta"]
[Result "1-0"]
[WhiteElo "2517"]
[BlackElo "2277"]
[TimeControl "180+2"]
[EndTime "18:24:30 PDT"]
[Termination "Rsnr won on time"]

1. d4 e6 2. c4 d5 3. Nc3 Nf6 4. cxd5 exd5 5. Bg5 c6 6. e3 Nbd7 7. Qc2 Be7 8. Bd3 O-O 9. Nge2 Re8 10. O-O Nf8 11. f3 Nh5 12. Bxe7 Rxe7 13. e4 dxe4 14.
fxe4 Nf6 15. Rad1 Ne6 16. e5 Nxd4 17. Bxh7+ Nxh7 18. Rxd4 Qb6 19. Kh1 Rxe5 20. Rh4 Nf8 21. Qd2 Qe3 22. Qd8 Re8 23. Qc7 Qe7 24. Qg3 Qe5 25. Qf3 Be6 26. Nd4 Rad8 27. Re4 Qc7 28. Nxe6 Rxe6 29. Rf4 Rd7 30. h4 Ng6 31. Ra4 Ne5 32.
Qg3 Rg6 33. Qh3 Rd3 34. Qh2 b5 35. Re4 f6 36. h5 Rgg3 37. h6 Rge3 38. h7+ Kh8 39.
Qh5 Qd7 40. Rh4 Qf7 41. Qf5 Rd8 42. Ne4 Red3 43. Qxe5 fxe5 44. Rxf7 Rd1+ 45. Kh2 1-0

[Event "*** Titled Tuesday 3|2 Blitz"]
[Site "Chess.com"]
[Date "2016.09.06"]
[Round "7"]
[White "Gabrielian_Artur"]
[Black "E-Shaposhnikov"]
[Result "0-1"]
[WhiteElo "2531"]
[BlackElo "2681"]
[TimeControl "180+2"]
[EndTime "18:24:42 PDT"]
[Termination "E-Shaposhnikov won by checkmate"]

1. e4 c5 2. Nf3 e6 3. d4 cxd4 4. Nxd4 a6 5. c4 Nf6 6. Nc3 Qc7 7. a3 b6 8. g3 Bb7 9. Qe2 Bc5 10. Nb3 Be7 11. Bg2 d6 12. O-O Nbd7 13. Nd2 O-O 14. b3 b5 15. Bb2 bxc4 16. Nxc4 Rfc8 17. Rac1 Nc5 18. Nd2 a5 19. b4 axb4 20. axb4 Ba6 21. b5 Bb7 22. Rfe1 Nfd7 23. Rc2 Ne5 24. Rb1 Bf6 25.
Nd1 Qd8 26. Ne3 Na4 27. Rxc8 Rxc8 28. Ba1 Nc3 29. Bxc3 Rxc3 30. b6 Qc8 31. Nb3 Nd7 32.
Na5 Ba6 33. Qa2 Rc1+ 34. Rxc1 Qxc1+ 35. Bf1 Bxf1 36. Nxf1 Nxb6 37. Qb3 Qc7 38. Qb5 g6 39. Nc6 Kg7 40. Ne3 Nd7 41. Ng4 h5 42. Nxf6 Nxf6 43. f3 Qd7 44. Qb6 Qc8 45. Kf2 Qa8 46. Nb4 Qa1 47.
Qxd6 Qb2+ 48. Kg1 Qe2 49. e5 Ng8 50. f4 Nh6 51. Nc6 Ng4 52. Qd4 Ne3 53. Qe4 Qe1# 0-1

[Event "*** Titled Tuesday 3|2 Blitz"]
[Site "Chess.com"]
[Date "2016.09.06"]
[Round "7"]
[White "DanielNaroditsky"]
[Black "wonderfultime"]
[Result "0-1"]
[WhiteElo "2708"]
[BlackElo "2685"]
[TimeControl "180+2"]
[EndTime "18:25:03 PDT"]
[Termination "wonderfultime won by resignation"]

1. d4 d5 2. c4 c6 3. Nf3 Nf6 4.
Nc3 dxc4 5. a4 Bf5 6. e3 e6 7. Bxc4 Bb4 8. O-O O-O 9. Qe2 Nbd7 10. e4 Bg6 11. Bd3 Bh5 12. e5 Nd5 13. Nxd5 cxd5 14. Qe3 Re8 15. Ng5 Bg6 16. Bxg6 fxg6 17. a5 Nf8 18.
Qb3 Be7 19. f4 Qd7 20. Bd2 Rac8 21. Nf3 Rc4 22. Bc3 Rec8 23. Nd2 R4c6 24. g4 Kh8 25. Rf3 b5 26. axb6 axb6 27. Nf1 Rb8 28. Ne3 b5 29. Bb4 h6 30. Raf1 Qa7 31. Bxe7 Qxe7 32.
f5 gxf5 33. gxf5 Qg5+ 34. Rg3 Qh4 35. Qd3 Rd8 36. f6 g5 37. f7 Rdc8 38. Ng4 Rc1 39. Qf3 Rxf1+ 40. Qxf1 Qh5 41. Qd3 Kg7 42. Nf6 Rc1+ 43. Kg2 Qg6 44. Qxg6+ Nxg6 45. Rb3 Kxf7 46. Rxb5 Nh4+ 47. Kf2 Nf5 48. Rb8 Rc2+ 49. Ke1 Nxd4 50. b4 Rb2 51. Kd1 Nc6 52. Rb7+ Kg6 53. b5 Nxe5 54.
Ne8 Nc4 55. Kc1 Rb4 56. Nc7 Kf5 57. Na6 Rb3 58. Kc2 Rxb5 0-1

[Event "*** Titled Tuesday 3|2 Blitz"]
[Site "Chess.com"]
[Date "2016.09.06"]
[Round "7"]
[White "theprosecution1"]
[Black "andryusha"]
[Result "0-1"]
[WhiteElo "2426"]
[BlackElo "2200"]
[TimeControl "180+2"]
[EndTime "18:25:19 PDT"]
[Termination "andryusha won on time"]

1. d4 Nf6 2. Nf3 g6 3. c4 Bg7 4. Nc3 O-O 5. e4 d6 6. Be2 Nc6 7. d5 Nb8 8. O-O Bg4 9. Re1 c6 10.
h3 Bxf3 11. Bxf3 Nbd7 12. Bf4 a6 13. Be2 Nc5 14. Bf1 Nh5 15. Bd2 e6 16. dxc6 bxc6 17. Qc2 Qh4 18. Rad1 a5 19. Bc1 Rad8 20. g3 Qf6 21.
Bg2 e5 22. h4 Ne6 23. Ne2 h6 24. Rd3 c5 25. Red1 Nd4 26. Nxd4 cxd4 27. Ra3 Ra8 28. Rdd3 Qd8 29. Rdb3 Qc7 30. Rb5 Rfc8 31. Bf1 Bf8 32. Ra4 Nf6 33. Bd2 Qc6 34. Qb3 Nxe4 35. Be1 Nc5 36. Qc2 d3 37. Bxd3 Nxa4 38. Qxa4 e4 39. Bf1 Bg7 40. Qd1 a4 41. Rd5 Bxb2 42. Rxd6 Qc5 43.
Rd5 Qe7 44. Bd2 Bg7 45. Be3 a3 46. Rd7 Qe6 47. Rd6 Qe5 48. Bf4 Qb2 49. Rd7 Qxa2 50.
Qd5 Rf8 51. Qxe4 Qb2 52. h5 g5 53. Bd3 f5 54. Qe6+ Kh8 55. Be3 a2 56. Bd4 Qxd4 57.
Bxf5 a1=Q+ 0-1

[Event "*** Titled Tuesday 3|2 Blitz"]
[Site "Chess.com"]
[Date "2016.09.06"]
[Round "7"]
[White "gmjoey1"]
[Black "putinwarrior"]
[Result "0-1"]
[WhiteElo "2507"]
[BlackElo "2374"]
[TimeControl "180+2"]
[EndTime "18:25:33 PDT"]
[Termination "putinwarrior won by resignation"]

1. e4 Nf6 2. Nc3 d5 3. exd5 Nxd5 4. Bc4 c6 5. Qf3 e6 6. d4 Qf6 7. Qxf6 Nxf6 8. Nf3 Bd6 9. a4 Nbd7 10. a5 Rb8 11. O-O b5 12. axb6 axb6 13. Bd3 h6 14.
Ne4 Nxe4 15. Bxe4 Bb7 16. Ra7 Kd8 17. c4 Kc7 18. Rd1 Ra8 19. Rxa8 Rxa8 20. Bd2 Ra4 21. Bd3 c5 22. Bc3 Bxf3 23. gxf3 cxd4 24. Bxd4 Be5 25. b3 Ra3 26. Bc2 Bxd4 27. Rxd4 Ra2 28. Bd1 Ne5 29. Kg2 Nc6 30. Rd3 Nb4 31. Rd4 e5 32.
Re4 Rd2 33. Be2 Kd6 34. Kf1 f5 35. Re3 Nc2 36. Rd3+ Rxd3 37. Bxd3 Nd4 38. b4 Nxf3 39. Bxf5 Nd2+ 40. Kg2 Nxc4 41. Kg3 Ke7 42. Bd3 Nd6 43. f4 e4 44. Be2 Ke6 45. Kg4 g6 46. h4 Nf5 47.
Ba6 Ne3+ 48. Kg3 Nc2 49. Bb7 Nxb4 50. Bxe4 Kf6 51. h5 g5 52. Kg4 gxf4 53. Kxf4 Na6 54. Bd3 Nc5 55. Be2 Nd7 56. Ke4 Ne5 57. Kd5 Kf5 58. Bd1 Ng4 59. Kc6 Kg5 60. Kxb6 Kxh5 61. Kc5 Kg5 62. Kd4 Kf4 63. Be2 h5 64. Bf1 h4 65. Kd3 Kf3 66. Bh3 Nf2+ 67. Kd2 Nxh3 0-1

[Event "*** Titled Tuesday 3|2 Blitz"]
[Site "Chess.com"]
[Date "2016.09.06"]
[Round "7"]
[White "danir29"]
[Black "dusanacns"]
[Result "0-1"]
[WhiteElo "2414"]
[BlackElo "2557"]
[TimeControl "180+2"]
[EndTime "18:25:36 PDT"]
[Termination "dusanacns won by resignation"]

1. d4 d6 2. e4 Nf6 3. Nc3 e5 4. Nf3 exd4 5. Nxd4 Be7 6. Bf4 O-O 7. Qd2 a6 8. O-O-O b5 9. f3 c5 10. Nde2 Nc6 11. Kb1 b4 12. Nd5 Nxd5 13. exd5 Na5 14. Ng3 c4 15. Qxb4 Qc7 16. Ne4 Rd8 17. Bd2 Nb7 18.
Qxc4 Qb8 19. Bc3 Bf5 20. Qd4 f6 21. Bd3 Kh8 22. g4 Bg6 23. h4 Nc5 24. h5 Bxe4 25.
Bxe4 h6 26. Bf5 Qb5 27. b3 Rdb8 28. Bb2 a5 29. Rhe1 Ra7 30. a4 Qa6 31. Qe3 Nxa4 32.
Bd4 Rab7 33. Re2 Qc4 34. Ka2 Qxd5 35. Bxf6 Bxf6 36. Rxd5 Nc3+ 37. Ka3 Nb1+ 38. Ka2 Nc3+ 39. Qxc3 Bxc3 40. Rd3 Be5 41. Re4 Rc7 42. Kb1 Kg8 43. f4 Bf6 44. Rde3 Kf8 45. Bg6 Re7 46. Rxe7 Bxe7 47.
Re4 d5 48. Rd4 Rd8 49. Ka2 Bc5 50. Rd3 Ke7 51. g5 Kd6 52. Bf7 Kc6 53. f5 hxg5 54.
Rg3 Be7 55. c4 d4 56. Bd5+ Kd6 57. Rg2 Bf6 58. Kb1 Re8 59. Kc2 Re3 60. Rd2 Rc3+ 61. Kd1 g4 62. Ra2 Rxb3 63. Rxa5 d3 64. Ra6+ Kc5 65.
h6 Bg5 66. Ra1 Bxh6 67. Ke1 Be3 68. Kf1 Rb2 69. Rd1 Kd4 70. Bg2 Rf2+ 0-1

[Event "*** Titled Tuesday 3|2 Blitz"]
[Site "Chess.com"]
[Date "2016.09.06"]
[Round "7"]
[White "FearlessKing64"]
[Black "BellJackson95"]
[Result "1-0"]
[WhiteElo "2311"]
[BlackElo "2151"]
[TimeControl "180+2"]
[EndTime "18:25:40 PDT"]
[Termination "FearlessKing64 won on time"]

1. e4 e5 2. Nf3 Nc6 3. Bc4 Nf6 4. d4 exd4 5. e5 d5 6. Bb5 Ne4 7. Nxd4 Bd7 8. Bxc6 bxc6 9. Be3 Bc5 10. Nd2 Nxd2 11. Qxd2 Bb6 12. O-O c5 13. Bg5 f6 14. exf6 gxf6 15.
Rfe1+ Kf7 16. Nf3 fxg5 17. Qxd5+ Kg7 18. Nxg5 Rf8 19. Rad1 Bg4 20. Ne6+ Bxe6 21. Qxe6 Qf6 22. Rd7+ Kh8 23. Qxf6+ Rxf6 24. Ree7 Rh6 25. c4 Rf8 26. g3 Ba5 27. f4 a6 28. Kg2 c6 29. Ra7 Bd8 30.
Red7 Bf6 31. b3 Bd4 32. h4 Re8 33. Kh3 Rg8 34. f5 Bf2 35. Rd3 Bd4 36. g4 Bf6 37. h5 Bd4 38. b4 Rd6 39. bxc5 Bxc5 40. Rxd6 Bxd6 41. Rxa6 Rc8 42. g5 Bf4 43. Kg4 Be5 44. f6 Bd4 45. Kf5 c5 46. g6 hxg6+ 47. hxg6 Kg8 48. Ra7 Rf8 49. f7+ Kg7 50. Re7 Rh8 51.
Re8 Rf8 52. a4 Bc3 53. Ke6 Ba5 54. Ke7 Bc3 55. Rxf8 Bf6+ 56. Ke8 Kxg6 57. Rg8+ Kh7 58. f8=Q 1-0

[Event "*** Titled Tuesday 3|2 Blitz"]
[Site "Chess.com"]
[Date "2016.09.06"]
[Round "7"]
[White "Kouzari"]
[Black "yurisolo"]
[Result "0-1"]
[WhiteElo "2467"]
[BlackElo "2502"]
[TimeControl "180+2"]
[EndTime "18:26:06 PDT"]
[Termination "yurisolo won by resignation"]

1. d4 d5 2. c4 e6 3. Nc3 c6 4.
Nf3 Nf6 5. Bg5 dxc4 6. a4 b5 7. axb5 cxb5 8. Nxb5 Qb6 9. Nc3 Qxb2 10. Bd2 Nd5 11.
Na4 Qb3 12. e4 Nb4 13. Qxb3 cxb3 14. Bb5+ Bd7 15. Bxd7+ Nxd7 16. Ke2 Rb8 17. Rab1 Nc6 18. Rhc1 Nd8 19. Ba5 Ba3 20. Rc3 Bb4 21. Rcxb3 Bxa5 22. Rxb8 Nxb8 23. Rxb8 O-O 24. Ne5 Bc7 25. Rc8 Bxe5 26.
dxe5 Nb7 27. Rxf8+ Kxf8 28. Kd3 Ke7 29. Kc4 Kd7 30. Kb5 Kc7 31. f4 h5 32. Nb2 a6+ 33. Kb4 Kc6 34. Nc4 a5+ 35. Ka4 Kc5 36. Nb2 Kd4 37. g3 Kxe4 38. Kb5 h4 39. Nc4 h3 40.
Nd6+ Kf3 41. Nxb7 Kg2 42. Nd6 Kxh2 43. f5 Kg2 44. Nxf7 h2 45. fxe6 h1=Q 46. e7 Qb1+ 47. Kc6 Qb8 48. Nd6 a4 49. e8=Q Qxe8+ 50. Nxe8 a3 51. e6 a2 52. e7 a1=Q 53. Nxg7 Qf6+ 54.
Kd7 Qxg7 55. Ke6 Qg6+ 56. Kd7 Qf7 57. Kd8 Qd5+ 58. Kc7 Qe6 59. Kd8 Qd6+ 60. Ke8 Kxg3 61.
Kf7 Qd7 62. Kf6 Qe8 0-1

[Event "*** Titled Tuesday 3|2 Blitz"]
[Site "Chess.com"]
[Date "2016.09.06"]
[Round "7"]
[White "FairChess_on_YouTube"]
[Black "ZapataCharlesS"]
[Result "1-0"]
[WhiteElo "2699"]
[BlackElo "2586"]
[TimeControl "180+2"]
[EndTime "18:26:46 PDT"]
[Termination "FairChess_on_YouTube won on time"]

1. e4 e5 2. Nf3 Nc6 3. Bb5 g6 4. c3 d6 5. d4 Bd7 6. Bg5 Be7 7. Be3 Nf6 8. d5 Nb8 9. Bd3 O-O 10. h3 c5 11. c4 Re8 12. Nc3 Bf8 13. g4 Na6 14.
Qd2 Nc7 15. b3 a6 16. a4 a5 17. O-O-O Na6 18. Rdg1 Nb4 19. Bb1 Bg7 20. Qe2 b6 21. Nd2 Qc7 22. f3 h6 23. Nf1 Nh7 24. Ng3 Qd8 25.
h4 Qe7 26. Qd2 Qf8 27. Nb5 Bxb5 28. cxb5 c4 29. bxc4 Rec8 30. Kb2 Rxc4 31. Kb3 Rac8 32. Rc1 R4c5 33. h5 Ng5 34. Rxc5 dxc5 35. Kc4 Nxf3 36. Qe2 Nd4 37. Qg2 g5 38. Nf5 Nxf5 39. exf5 Qd6 40.
f6 Bxf6 41. Rf1 e4 42. Qxe4 Bg7 43. Bd2 Kf8 44. Qe6 Qxe6 45. dxe6 f6 46. Bf5 Ke7 47. Bc3 Rd8 48. Re1 Nd5 49. Bd2 Bf8 50. Bc1 Nf4 51.
Re4 Nd3 52. Be3 Nb2+ 53. Kb3 Nd3 54. Kc3 Ne5 55. Kc2 Nf3 56. Kc3 Nh4 57. Bc1 Nxf5 58. gxf5 Rd5 59. Be3 Rxf5 60. Kc4 Bg7 61. Bg1 Rf4 62.
Bxc5+ bxc5 63. Rxf4 gxf4 64. b6 f5 65. Kd5 f3 66. b7 f2 67. b8=Q f1=Q 68. Qc7+ Kf6 69.
Qf7+ Kg5 70. Qxg7+ Kh4 71. e7 Qd3+ 72. Ke6 Qe4+ 73. Qe5 Qc4+ 74. Kf6 Qa6+ 75. Qe6 1-0

[Event "*** Titled Tuesday 3|2 Blitz"]
[Site "Chess.com"]
[Date "2016.09.06"]
[Round "8"]
[White "ShimanovAlex"]
[Black "putinwarrior"]
[Result "1-0"]
[WhiteElo "2560"]
[BlackElo "2368"]
[TimeControl "180+2"]
[EndTime "18:29:06 PDT"]
[Termination "ShimanovAlex won by resignation"]

1. d4 Nf6 2. Nf3 c5 3. c3 e6 4. Bf4 b6 5. Nbd2 Bb7 6. e3 Be7 7. h3 O-O 8. Bd3 d6 9. O-O Nbd7 10. Bh2 a6 11. a4 Qc7 12. Qe2 e5 13. dxe5 Nxe5 14.
Nxe5 dxe5 15. e4 Rfe8 16. Bc4 Nd7 17. Rfd1 Nf8 18. Nf1 Ng6 19. Qf3 Rad8 20. Bxf7+ Kh8 21. Bxe8 Rxe8 22. Ne3 1-0

[Event "*** Titled Tuesday 3|2 Blitz"]
[Site "Chess.com"]
[Date "2016.09.06"]
[Round "8"]
[White "Quiet_Desperation"]
[Black "beastfromweast"]
[Result "0-1"]
[WhiteElo "2202"]
[BlackElo "2289"]
[TimeControl "180+2"]
[EndTime "18:30:22 PDT"]
[Termination "beastfromweast won by checkmate"]

1. e4 c5 2. Nf3 d6 3. d4 cxd4 4. Nxd4 Nf6 5. Nc3 a6 6. Be3 e6 7. Bd3 Be7 8. O-O b5 9. a3 Bb7 10. f4 Nbd7 11. Kh1 Nc5 12. Qf3 Qc7 13. Rae1 Rd8 14.
Bd2 O-O 15. Qh3 Nxd3 16. cxd3 Qb8 17. e5 dxe5 18. Nxe6 Bxg2+ 19. Kxg2 Qb7+ 20. Ne4 fxe6 21. Qxe6+ Kh8 22. fxe5 Rxd3 23. exf6 Rxd2+ 24. Kg1 Bc5+ 25. Nxc5 Qg2# 0-1

[Event "*** Titled Tuesday 3|2 Blitz"]
[Site "Chess.com"]
[Date "2016.09.06"]
[Round "8"]
[White "TrickyTrapChess"]
[Black "theprosecution1"]
[Result "1-0"]
[WhiteElo "2132"]
[BlackElo "2412"]
[TimeControl "180+2"]
[EndTime "18:31:13 PDT"]
[Termination "TrickyTrapChess won by resignation"]

1. c4 e5 2. Nc3 Nc6 3. g3 Bc5 4. Bg2 a6 5. e3 d6 6. Nge2 Ba7 7. O-O h5 8. d4 h4 9. f4 hxg3 10. hxg3 Bg4 11. fxe5 dxe5 12. d5 Nce7 13. Ne4 Nf5 14. c5 Nf6 15. Nxf6+ gxf6 16. Qa4+ 1-0

[Event "*** Titled Tuesday 3|2 Blitz"]
[Site "Chess.com"]
[Date "2016.09.06"]
[Round "8"]
[White "Yaacovn"]
[Black "Evgeny_Levin"]
[Result "0-1"]
[WhiteElo "2619"]
[BlackElo "2668"]
[TimeControl "180+2"]
[EndTime "18:31:42 PDT"]
[Termination "Evgeny_Levin won by resignation"]

1. d4 Nf6 2. Nf3 g6 3. c4 Bg7 4. Nc3 d5 5. cxd5 Nxd5 6. g3 O-O 7. Bg2 Nb6 8. O-O Nc6 9. Bf4 Nb4 10. Qd2 Nc4 11.
Qc1 c6 12. Rd1 Nd5 13. Bh6 Nxc3 14. bxc3 Qa5 15. Bxg7 Kxg7 16. Qf4 Qf5 17. Qc7 Qd7 18. Qf4 Qd6 19. Qh4 f6 20. Nd2 Nxd2 21. Rxd2 Be6 22.
Qe4 Rad8 23. Rb1 Bf5 0-1

[Event "*** Titled Tuesday 3|2 Blitz"]
[Site "Chess.com"]
[Date "2016.09.06"]
[Round "8"]
[White "Elshan1985"]
[Black "FairChess_on_YouTube"]
[Result "0-1"]
[WhiteElo "2590"]
[BlackElo "2705"]
[TimeControl "180+2"]
[EndTime "18:32:05 PDT"]
[Termination "FairChess_on_YouTube won by resignation"]

1. d4 g6 2. h4 Nf6 3. Bg5 Bg7 4.
c3 c5 5. dxc5 Na6 6. Nd2 Nxc5 7.
Ngf3 d5 8. e3 h6 9. Bxf6 Bxf6 10.
Bb5+ Kf8 11. Nb3 Nxb3 12. axb3 Kg7 13. Qe2 Qb6 14. h5 g5 15. b4 Bg4 16. Qd3 Rhd8 17.
Ba4 a5 18. Bc2 Kf8 19. b5 e6 20. Nd4 e5 21. Nb3 a4 22. Nd2 e4 23. Qf1 a3 24. Rxa3 Rxa3 25. bxa3 Bxc3 26. Bd1 Bxd2+ 27. Kxd2 Qa5+ 0-1

[Event "*** Titled Tuesday 3|2 Blitz"]
[Site "Chess.com"]
[Date "2016.09.06"]
[Round "8"]
[White "spirals5"]
[Black "ChessFrois"]
[Result "1-0"]
[WhiteElo "2264"]
[BlackElo "2031"]
[TimeControl "180+2"]
[EndTime "18:32:06 PDT"]
[Termination "spirals5 won by resignation"]

1. e4 c5 2. Nc3 Nc6 3. g3 g6 4. Bg2 Bg7 5. d3 d6 6. f4 Nf6 7. Nf3 Bg4 8. h3 Bxf3 9. Bxf3 O-O 10. O-O Nd4 11. Bg2 Nd7 12. g4 Rb8 13. a4 a6 14.
f5 b5 15. axb5 axb5 16. Nd5 Ne5 17. c3 Ndc6 18. Bg5 Qd7 19. f6 exf6 20. Nxf6+ Bxf6 21. Bxf6 b4 22. Qd2 Nd8 23. Qh6 Ne6 24. d4 cxd4 25. cxd4 Ra8 26. Rxa8 Rxa8 27. d5 Ra2 28. dxe6 fxe6 1-0

[Event "*** Titled Tuesday 3|2 Blitz"]
[Site "Chess.com"]
[Date "2016.09.06"]
[Round "8"]
[White "Rsnr"]
[Black "tigra"]
[Result "0-1"]
[WhiteElo "2507"]
[BlackElo "2458"]
[TimeControl "180+2"]
[EndTime "18:33:54 PDT"]
[Termination "tigra won by resignation"]

1. d4 Nf6 2. c4 g6 3. Nc3 Bg7 4. g3 O-O 5. Bg2 c5 6. Nf3 cxd4 7. Nxd4 Nc6 8. O-O Nxd4 9. Qxd4 d5 10. cxd5 Bf5 11. Qd1 Rc8 12. e4 Rxc3 13. bxc3 Nxe4 14. Bb2 Nxc3 15. Bxc3 Bxc3 16. Rc1 Be5 17. Qd2 Qb6 18. Rc4 Bd6 19. Rfc1 Bd7 20. a4 a5 21. h4 Bb4 22.
Qc2 Bd6 23. Rb1 Qa7 24. Qc3 Rb8 25. Bf1 Bf5 26. Rb5 b6 27. Rb2 Bd7 28. Qc2 Rd8 29. h5 Bxg3 30. hxg6 hxg6 31. Bd3 Be5 32. Rb1 Kg7 33.
Rh4 Qb8 34. Qd2 Rh8 35. Rxh8 Qxh8 36. Qe3 Qh2+ 37. Kf1 Bg4 38. Ke1 Bc3+ 0-1